 Dungeon Sprint DCSS version 0.31-a0-1591-g515db51633 (webtiles) character file.

Game seed: 18047220254029676394

227 Conn the Firebug (level 6, 0/36 HPs)
             Began as an Octopode Fire Elementalist on Jan 6, 2024.
             Succumbed to a scorpion's poison
             ... in the Dungeon (Sprint II: "The Violet Keep of Menkaure").
             The game lasted 00:01:31 (44 turns).

Conn the Firebug (Octopode Fire Elementalist)         Turns: 44, Time: 00:01:31

Health: 0/36       AC:  1    Str:  8    XL:     6   Next: 2%
Magic:  12/14      EV: 14    Int: 19    God:
Gold:   0          SH:  0    Dex: 12    Spells: 15/16 levels left

rFire   . . .        (no weapon)
rCold   . . .        (no shield)
rNeg    . . .        (helmet restricted)
rPois   .            (no amulet)
rElec   .            (no ring)
rCorr   .            (no ring)
SInv    .            (no ring)
Will    .....        (no ring)
Stlth   ++++         (no ring)
HPRegen 0.26/turn    (no ring)
MPRegen 0.14/turn    (no ring)
                     (no ring)

%: no teleportation
@: lethally poisoned (0 -> -5), on berserk cooldown, hasted and slowed
A: almost no armour, amphibious, 8 rings, camouflage 1, gelatinous body 1,
(nimble swimmer 1), tentacles
a: no special abilities


You were in the Dungeon.
You visited 1 branch

Inventory:

Scrolls
 f - a scroll of blinking
Potions
 a - 2 potions of magic


   Skills:
 + Level 4.8 Dodging
 + Level 6.5 Stealth
 - Level 0.6 Unarmed Combat
 * Level 5.7 Spellcasting
 * Level 4.9 Conjurations
 + Level 7.2 Fire Magic


You had 15 spell levels left.
You knew the following spells:

 Your Spells              Type           Power      Damage    Failure   Level
a - Foxfire               Conj/Fire      100%       2x1d9     1%          1

Your spell library contained the following spells:

 Spells                   Type           Power      Damage    Failure   Level
 Scorch                   Fire           64%        2d7       1%          2
 Inner Flame              Hex/Fire       19%        N/A       8%          3
 Volatile Blastmotes      Fire/Tloc      38%        2d13      8%          3
 Flame Wave               Conj/Fire      28%        2d9       10%         4


Dungeon Overview and Level Annotations

Branches:
Dungeon (1/1)

Altars:


Innate Abilities, Weirdness & Mutations

You cannot wear most types of armour.
You are amphibious.
You can wear up to eight rings at the same time.
Your skin changes colour to match your surroundings (Stealth+).
Your rubbery body absorbs attacks. (AC +1, EV +1)
((You are camouflaged when in or above water. (Stealth+)))
You have tentacles for arms and can constrict up to eight enemies at once.


Message History

You constrict the scorpion. The scorpion closely misses you.
You tentacle-slap the scorpion but do no damage.
The scorpion is heavily wounded.
You constrict the scorpion, but do no damage.
The scorpion misses you.
You tentacle-slap the scorpion but do no damage.
The scorpion is heavily wounded.
You constrict the scorpion, but do no damage.
The scorpion stings you.
* * * LOW HITPOINT WARNING * * *
You are lethally poisoned!
The scorpion poisons you! The scorpion closely misses you.
Okay, then.
Unknown command.
You tentacle-slap the scorpion but do no damage.
You squeeze the scorpion!
The scorpion is almost dead.
You constrict the scorpion.
You kill the scorpion!
* * * LOW HITPOINT WARNING * * *
You feel very sick.
Your Stealth skill increases to level 6!
Your Fire Magic skill increases to level 7!
You have reached level 6!
Unknown command.
Unknown command.
There is a lethal amount of poison in your body!
Okay, then.
Unknown command.
Okay, then.
* * * LOW HITPOINT WARNING * * *
You feel sick.
Things that are here:
243 gold pieces; a scorpion corpse Your extra speed is starting to run out.
* * * LOW HITPOINT WARNING * * *
You feel sick.
Okay, then.
Okay, then.
You die...

## ## k# #k
### .#. #
##.# #+# w#
#..###.##.#
+##$'†<.+#
#@.###†##.w.#
##.# #+# w##
### .#$ # .B
B. ##. .## ##
##


There were no monsters in sight!

Vanquished Creatures
  4 scorpions (D)
4 creatures vanquished.

Vanquished Creatures (others)
  3 foxfires (D)
3 creatures vanquished.

Grand Total: 7 creatures vanquished

Notes
Turn   | Place    | Note
-------+----------+-------------------------------------------
     0 | D        | Conn the Octopode Fire Elementalist began the quest for the
                  | Orb.
     0 | D        | Reached XP level 1. HP: 11/11 MP: 3/3
     1 | D        | Noticed a wyvern
     1 | D        | Noticed a wyvern
     8 | D        | Noticed a boulder beetle
     8 | D        | Noticed a boulder beetle
    11 | D        | Noticed a scorpion
    11 | D        | Noticed a scorpion
    15 | D        | Noticed a scorpion
    21 | D        | Killed a scorpion
    22 | D        | Reached skill level 6 in Fire Magic
    22 | D        | Reached XP level 2. HP: 13/17 MP: 0/6
    22 | D        | Reached XP level 3. HP: 17/21 MP: 0/7
    25 | D        | Killed a scorpion
    26 | D        | Reached skill level 5 in Stealth
    26 | D        | Reached XP level 4. HP: 12/27 MP: 0/10
    28 | D        | Killed a scorpion
    29 | D        | Reached skill level 5 in Spellcasting
    29 | D        | Reached XP level 5. HP: 11/31 MP: 1/12
    42 | D        | Reached skill level 7 in Fire Magic
    42 | D        | Reached XP level 6. HP: 4/36 MP: 12/14
    43 | D        | HP: 1/36 [poisoned by a scorpion]
    44 | D        | Succumbed to a scorpion's poison

Illustrated notes

Levels and vault maps discovered:
D:        the_violet_keep_of_menkaure [sprint2_stairs_cluster_1,
          sprint2_shoproom, sprint2_temple, sprint2_basic_supplies,
          sprint2_obstacle_2, sprint2_obstacle_1, sprint2_obstacle_5,
          sprint2_obstacle_4, sprint2_obstacle_7, sprint2_timed_cluster_1,
          sprint2_smallroom_cluster_1, sprint2_smallroom_final_cluster_1,
          sprint2_transparent_cluster_1, sprint2_second_timed_cluster_1,
          sprint2_sniper_area_1, sprint2_heavy_combat_area_1,
          sprint2_mutation_trap_area_1, sprint2_forest_area_1,
          sprint2_light_combat_area_1, sprint2_behind_water_1,
          sprint2_near_end_vault_1]

Skill      XL: |  1  2  3  4  5 |
---------------+----------------+-----
Dodging        | 3 4 |  4.8
Stealth        | 4 5 6 |  6.5
Spellcasting   | 3 4 5 |  5.7
Fire Magic     | 6 7 |  7.2
Conjurations   | 3 4 |  4.9
Unarmed Combat | |  0.6

Action                     |  1- 3 |  4- 6 || total
---------------------------+-------+-------++-------
  Melee: Unarmed           |     7 |     9 ||    16
         Constrict         |     3 |     2 ||     5
         Tentacles         |     2 |     3 ||     5
   Cast: Foxfire           |     2 |       ||     2
    Use: Potion            |     2 |     3 ||     5
 Armour: Skin              |     3 |     3 ||     6
  Dodge: Dodged            |     1 |     9 ||    10

Table legend: (Time is in decaauts)
 A = Elapsed time spent in this place.
 B = Non-inter-level travel time spent in this place.
 C = Inter-level travel time spent in this place.
 D = Time resting spent in this place.
 E = Time spent auto-exploring this place.
 F = Levels seen in this place.
 G = Mean time per level.
                   A        B        C        D        E       F      G
               +--------+--------+--------+--------+--------+-----+--------+
         Total |     35 |     35 |      0 |      0 |      0 |   1 |   35.0 |
       Dungeon |     35 |     35 |      0 |      0 |      0 |   1 |   35.0 |
               +--------+--------+--------+--------+--------+-----+--------+

Top non-repeatable levels by time:
       D: 35 daAuts
